TOP OF THE 1ST |
Kingston Township Knights batting - Pitching for Buckhead Bowties : RHP Pascal Martin
|
Pitching: RHP Pascal Martin
|
|
Batting: RHB Ron Bernard
|
0-0: Called Strike 0-1: Ball 1-1: Ball 2-1: Foul Ball, location: 2F 2-2: Strikes out swinging
|
Batting: RHB Takenao Wakabayashi
|
0-0: Ball 1-0: Called Strike 1-1: Swinging Strike 1-2: Ball 2-2: Strikes out swinging
|
Batting: LHB Ed Mellor
|
0-0: Ball 1-0: Foul Ball, location: 2F 1-1: Ball 2-1: Ball 3-1: Called Strike 3-2: SOLO HOME RUN (Flyball, 7LD, EV 98.8 MPH), Distance : 347 ft
|
Batting: RHB Holden Ford
|
0-0: Called Strike 0-1: Ball 1-1: Swinging Strike 1-2: Strikes out swinging
|
Top of the 1st over - 1 run, 1 hit, 0 errors, 0 left on base; Kingston Township 1 - Buckhead 0 |
BOTTOM OF THE 1ST |
Buckhead Bowties batting - Pitching for Kingston Township Knights : RHP Ray Goolsby
|
Pitching: RHP Ray Goolsby
|
|
Batting: RHB Barsati Saraf
|
0-0: Ground out 4-3 (Groundball, 34, EV 80.6 MPH)
|
Batting: LHB Jesús Encarnación
|
0-0: Foul Ball, location: 2F 0-1: Fly out, F5 (Popup, 5S, EV 81.2 MPH)
|
Batting: LHB Marcus Shill
|
0-0: Foul Ball, location: 2F 0-1: Ball 1-1: SOLO HOME RUN (Line Drive, 7D, EV 107.5 MPH), Distance : 401 ft
|
Batting: LHB Shunso Kiyomizu
|
0-0: Foul Ball, location: 2F 0-1: Called Strike 0-2: Foul Ball, location: 2F 0-2: SINGLE (Line Drive, 7S, EV 103.8 MPH)
|
Batting: RHB Emílio Agramónte
|
0-0: Ball Shunso Kiyomizu steals 2nd base 1-0: Ball 2-0: Ball 3-0: Called Strike 3-1: Called Strike 3-2: Foul Ball, location: 2F 3-2: SINGLE (Groundball, 6MD, EV 97.5 MPH) Shunso Kiyomizu to third Shunso Kiyomizu scores
|
Batting: LHB Badry Maksimenov
|
0-0: Called Strike 0-1: Called Strike 0-2: Foul Ball, location: 2F 0-2: Ground out 4-3 (Groundball, 34, EV 102.5 MPH)
|
Bottom of the 1st over - 2 runs, 3 hits, 0 errors, 1 left on base; Kingston Township 1 - Buckhead 2 |
TOP OF THE 2ND |
Kingston Township Knights batting - Pitching for Buckhead Bowties : RHP Pascal Martin
|
Batting: RHB Hou Kong
|
0-0: Ball 1-0: Foul Ball, location: 2F 1-1: Foul Ball, location: 2F 1-2: Ball 2-2: Foul Ball, location: 2F 2-2: Strikes out swinging
|
Batting: RHB Alfredo Cardenas
|
0-0: Called Strike 0-1: Ball 1-1: Ball 2-1: Ball 3-1: Base on Balls
|
Batting: RHB Daniel Maldonado
|
0-0: Called Strike Alfredo Cardenas steals 2nd base 0-1: Foul Ball, location: 2F 0-2: Ball 1-2: Ball 2-2: Ground out 5-3 (Groundball, 56, EV 103.8 MPH)
|
Batting: RHB Khal Drogo
|
0-0: Ball 1-0: Ball 2-0: Ball 3-0: Called Strike 3-1: Base on Balls
|
Batting: RHB Glenn Curtis
|
0-0: Called Strike 0-1: Foul Ball, location: 2F 0-2: Foul Ball, location: 2F 0-2: Fielders Choice at 2nd, 6-4 (Groundball, 6, EV 83.8 MPH)
|
Top of the 2nd over - 0 runs, 0 hits, 0 errors, 2 left on base; Kingston Township 1 - Buckhead 2 |
BOTTOM OF THE 2ND |
Buckhead Bowties batting - Pitching for Kingston Township Knights : RHP Ray Goolsby
|
Batting: SHB Nuygen Vuong
|
0-0: Ball 1-0: Called Strike 1-1: Ball 2-1: Foul Ball, location: 2F 2-2: Foul Ball, location: 2F 2-2: Foul Ball, location: 2F 2-2: Foul Ball, location: 2F 2-2: Foul Ball, location: 2F 2-2: Ball 3-2: SINGLE (Flyball, 78S, EV 86.9 MPH)
|
Batting: RHB Nick Bechtel
|
0-0: Ball 1-0: Ground out 3-1 (Groundball, 34S, EV 69.4 MPH) Nuygen Vuong to second
|
Batting: SHB Henrique de Senna Fernandes
|
0-0: Swinging Strike 0-1: Ball 1-1: Ball Nuygen Vuong steals 3rd, throwing error, E2 Nuygen Vuong scores 2-1: Foul Ball, location: 2F 2-2: Strikes out looking
|
Batting: RHB Barsati Saraf
|
0-0: Fly out, F9 (Flyball, 9D, EV 68.8 MPH)
|
Bottom of the 2nd over - 1 run, 1 hit, 1 error, 0 left on base; Kingston Township 1 - Buckhead 3 |
TOP OF THE 3RD |
Kingston Township Knights batting - Pitching for Buckhead Bowties : RHP Pascal Martin
|
Batting: RHB Ron Bernard
|
0-0: Ball 1-0: Ball 2-0: Foul Ball, location: 2F 2-1: Foul Ball, location: 2F 2-2: SINGLE (Groundball, 56D, EV 100.6 MPH)
|
Batting: RHB Takenao Wakabayashi
|
0-0: Foul Ball, location: 2F 0-1: Ball 1-1: Foul Ball, location: 2F 1-2: Grounds into double play, 4-6-3 (Groundball, 4, EV 80.0 MPH)
|
Batting: LHB Ed Mellor
|
0-0: Called Strike 0-1: Fly out, F7 (Flyball, 7, EV 83.1 MPH)
|
Top of the 3rd over - 0 runs, 1 hit, 0 errors, 0 left on base; Kingston Township 1 - Buckhead 3 |
BOTTOM OF THE 3RD |
Buckhead Bowties batting - Pitching for Kingston Township Knights : RHP Ray Goolsby
|
Batting: LHB Jesús Encarnación
|
0-0: Called Strike 0-1: Foul Ball, location: 2F 0-2: Fly out, F6 (Popup, 6M, EV 51.9 MPH)
|
Batting: LHB Marcus Shill
|
0-0: Ball 1-0: Foul Ball, location: 2F 1-1: Ball 2-1: Called Strike 2-2: Ball 3-2: Strikes out swinging
|
Batting: LHB Shunso Kiyomizu
|
0-0: Called Strike 0-1: Swinging Strike 0-2: Ball 1-2: Foul Ball, location: 2F 1-2: Ball 2-2: Fly out, F7 (Line Drive, 7S, EV 103.8 MPH)
|
Bottom of the 3rd over - 0 runs, 0 hits, 0 errors, 0 left on base; Kingston Township 1 - Buckhead 3 |
TOP OF THE 4TH |
Kingston Township Knights batting - Pitching for Buckhead Bowties : RHP Pascal Martin
|
Batting: RHB Holden Ford
|
0-0: Ball 1-0: SINGLE (Groundball, 34D, EV 105.6 MPH)
|
Batting: RHB Hou Kong
|
0-0: Foul Ball, location: 2F 0-1: Called Strike 0-2: Strikes out looking
|
Batting: RHB Alfredo Cardenas
|
0-0: Ball 1-0: Called Strike 1-1: Ball 2-1: Ball 3-1: Called Strike 3-2: Strikes out swinging
|
Batting: RHB Daniel Maldonado
|
0-0: Ball 1-0: SINGLE (Groundball, 6MD, EV 93.8 MPH) Holden Ford to second Runner from 2nd tries for 3rd, SAFE after rundown.
|
Batting: RHB Khal Drogo
|
0-0: Ball 1-0: Ball 2-0: Ball 3-0: Called Strike 3-1: Swinging Strike 3-2: Strikes out looking
|
Top of the 4th over - 0 runs, 2 hits, 0 errors, 2 left on base; Kingston Township 1 - Buckhead 3 |
BOTTOM OF THE 4TH |
Buckhead Bowties batting - Pitching for Kingston Township Knights : RHP Ray Goolsby
|
Batting: RHB Emílio Agramónte
|
0-0: Ball 1-0: Ground out 4-3 (Groundball, 4, EV 104.4 MPH)
|
Batting: LHB Badry Maksimenov
|
0-0: Ball 1-0: Swinging Strike 1-1: Fly out, F7 (Flyball, 7S, EV 86.2 MPH)
|
Batting: SHB Nuygen Vuong
|
0-0: Foul Ball, location: 2F 0-1: Called Strike 0-2: Foul Ball, location: 2F 0-2: Fly out, F7 (Flyball, 7, EV 93.8 MPH)
|
Bottom of the 4th over - 0 runs, 0 hits, 0 errors, 0 left on base; Kingston Township 1 - Buckhead 3 |
TOP OF THE 5TH |
Kingston Township Knights batting - Pitching for Buckhead Bowties : RHP Pascal Martin
|
Pitching: RHP Omar Morales
|
|
Batting: RHB Glenn Curtis
|
0-0: Swinging Strike 0-1: Ball 1-1: Swinging Strike 1-2: Ball 2-2: Foul Ball, location: 2F 2-2: Strikes out swinging
|
Batting: RHB Ron Bernard
|
0-0: Swinging Strike 0-1: Called Strike 0-2: Ball 1-2: Strikes out swinging
|
Batting: RHB Takenao Wakabayashi
|
0-0: Ball 1-0: Called Strike 1-1: Foul Ball, location: 2F 1-2: Foul Ball, location: 2F 1-2: Strikes out swinging
|
Top of the 5th over - 0 runs, 0 hits, 0 errors, 0 left on base; Kingston Township 1 - Buckhead 3 |
BOTTOM OF THE 5TH |
Buckhead Bowties batting - Pitching for Kingston Township Knights : RHP Ray Goolsby
|
Batting: RHB Nick Bechtel
|
0-0: Ball 1-0: Foul Ball, location: 2F 1-1: Ball 2-1: Foul Ball, location: 2F 2-2: Strikes out swinging
|
Batting: SHB Henrique de Senna Fernandes
|
0-0: Called Strike 0-1: Ball 1-1: Ground out U3 (Groundball, 3L, EV 88.1 MPH)
|
Batting: RHB Barsati Saraf
|
0-0: Called Strike 0-1: Ground out 6-3 (Groundball, 6S, EV 69.4 MPH)
|
Bottom of the 5th over - 0 runs, 0 hits, 0 errors, 0 left on base; Kingston Township 1 - Buckhead 3 |
TOP OF THE 6TH |
Kingston Township Knights batting - Pitching for Buckhead Bowties : RHP Omar Morales
|
Batting: LHB Ed Mellor
|
0-0: Called Strike 0-1: Swinging Strike 0-2: Ball 1-2: Foul Ball, location: 2F 1-2: Ball 2-2: Ball 3-2: Base on Balls
|
Batting: RHB Holden Ford
|
0-0: Called Strike 0-1: Ball 1-1: Foul Ball, location: 2F 1-2: Strikes out swinging
|
Batting: RHB Hou Kong
|
0-0: Foul Ball, location: 2F 0-1: Swinging Strike 0-2: SINGLE (Groundball, 4MD, EV 96.2 MPH) Ed Mellor to second
|
Batting: RHB Alfredo Cardenas
|
0-0: Ball 1-0: Ball 2-0: Called Strike 2-1: Swinging Strike 2-2: Strikes out swinging
|
Batting: RHB Daniel Maldonado
|
0-0: Ball 1-0: Called Strike 1-1: Ball 2-1: Ball 3-1: Called Strike 3-2: Strikes out swinging
|
Top of the 6th over - 0 runs, 1 hit, 0 errors, 2 left on base; Kingston Township 1 - Buckhead 3 |
BOTTOM OF THE 6TH |
Buckhead Bowties batting - Pitching for Kingston Township Knights : RHP Ray Goolsby
|
Batting: LHB Jesús Encarnación
|
0-0: Ball 1-0: Foul Ball, location: 2F 1-1: SINGLE (Line Drive, 4M, EV 100.0 MPH)
|
Batting: LHB Marcus Shill
|
0-0: Foul Ball, location: 2F 0-1: Ball 1-1: Ball 2-1: Called Strike 2-2: SINGLE (Groundball, 4S, EV 68.8 MPH) (infield hit) Jesús Encarnación to second
|
Batting: LHB Shunso Kiyomizu
|
0-0: Called Strike 0-1: Grounds into double play, 4-6-3 (Groundball, 4, EV 83.1 MPH) Jesús Encarnación to third
|
Batting: RHB Emílio Agramónte
|
0-0: Ball 1-0: Ball 2-0: Ball 3-0: Called Strike 3-1: Base on Balls
|
Batting: LHB Badry Maksimenov
|
0-0: Swinging Strike 0-1: Ball 1-1: Swinging Strike 1-2: Ball 2-2: Ball 3-2: Strikes out swinging
|
Bottom of the 6th over - 0 runs, 2 hits, 0 errors, 2 left on base; Kingston Township 1 - Buckhead 3 |
TOP OF THE 7TH |
Kingston Township Knights batting - Pitching for Buckhead Bowties : RHP Omar Morales
|
Batting: RHB Khal Drogo
|
0-0: Called Strike 0-1: Called Strike 0-2: Ball 1-2: Strikes out swinging
|
Pitching: RHP Scott Colorado
|
|
Batting: RHB Glenn Curtis
|
0-0: Ball 1-0: Ground out 1-3 (Groundball, 15, EV 68.8 MPH)
|
Batting: RHB Ron Bernard
|
0-0: Ball 1-0: Ball 2-0: SINGLE (Line Drive, 8RS, EV 102.5 MPH)
|
Batting: RHB Takenao Wakabayashi
|
0-0: Called Strike 0-1: Ball Ron Bernard is caught stealing 2nd base 2-4
|
Top of the 7th over - 0 runs, 1 hit, 0 errors, 0 left on base; Kingston Township 1 - Buckhead 3 |
BOTTOM OF THE 7TH |
Buckhead Bowties batting - Pitching for Kingston Township Knights : RHP Ray Goolsby
|
Batting: SHB Nuygen Vuong
|
0-0: Called Strike 0-1: Foul Ball, location: 2F 0-2: Fly out, F7 (Flyball, 7S, EV 88.1 MPH)
|
Batting: RHB Nick Bechtel
|
0-0: Ball 1-0: Called Strike 1-1: Ball 2-1: Swinging Strike 2-2: Foul Ball, location: 2F 2-2: Strikes out looking
|
Batting: SHB Henrique de Senna Fernandes
|
0-0: Ball 1-0: Swinging Strike 1-1: Ball 2-1: Ground out 4-3 (Groundball, 4, EV 100.0 MPH)
|
Bottom of the 7th over - 0 runs, 0 hits, 0 errors, 0 left on base; Kingston Township 1 - Buckhead 3 |
TOP OF THE 8TH |
Kingston Township Knights batting - Pitching for Buckhead Bowties : RHP Scott Colorado
|
Batting: RHB Takenao Wakabayashi
|
0-0: Foul Ball, location: 2F 0-1: Foul Ball, location: 2F 0-2: Fly out, F8 (Line Drive, 8RM, EV 98.1 MPH)
|
Batting: LHB Ed Mellor
|
0-0: Ball 1-0: Foul Ball, location: 2F 1-1: Ball 2-1: Ball 3-1: Base on Balls
|
Batting: RHB Holden Ford
|
0-0: Ball 1-0: Ball 2-0: Ball 3-0: Fly out, F8 (Flyball, 8LD, EV 91.2 MPH)
|
Batting: RHB Hou Kong
|
0-0: Ball 1-0: Foul Ball, location: 2F 1-1: Swinging Strike 1-2: Ball 2-2: Foul Ball, location: 2F 2-2: Foul Ball, location: 2F 2-2: Ball 3-2: Foul Ball, location: 2F 3-2: Base on Balls Ed Mellor to second
|
Batting: RHB Alfredo Cardenas
|
0-0: Ball 1-0: Fly out, F9 (Flyball, 9S, EV 82.5 MPH)
|
Top of the 8th over - 0 runs, 0 hits, 0 errors, 2 left on base; Kingston Township 1 - Buckhead 3 |
BOTTOM OF THE 8TH |
Buckhead Bowties batting - Pitching for Kingston Township Knights : RHP Ray Goolsby
|
Batting: RHB Barsati Saraf
|
0-0: SINGLE (Groundball, 3D, EV 101.2 MPH)
|
Pitching: RHP Morris Prinkey
|
|
Batting: LHB Jesús Encarnación
|
0-0: Fly out, F8 (Flyball, 78XD, EV 104.4 MPH)
|
Batting: LHB Marcus Shill
|
0-0: DOUBLE (Line Drive, 89D, EV 109.4 MPH) Barsati Saraf to third Runner from 3rd tries for Home, SAFE, no throw by RF
|
Batting: LHB Shunso Kiyomizu
|
0-0: Called Strike 0-1: Ground out U3 (Groundball, 3, EV 100.0 MPH) Marcus Shill to third
|
Batting: RHB Emílio Agramónte
|
0-0: Ball 1-0: Ball 2-0: SINGLE (Line Drive, 89S, EV 97.5 MPH) Marcus Shill scores
|
Batting: LHB Badry Maksimenov
|
0-0: Foul Ball, location: 2F 0-1: Foul Ball, location: 2F 0-2: Ground out 4-3 (Groundball, 4, EV 86.9 MPH)
|
Bottom of the 8th over - 2 runs, 3 hits, 0 errors, 1 left on base; Kingston Township 1 - Buckhead 5 |
TOP OF THE 9TH |
Kingston Township Knights batting - Pitching for Buckhead Bowties : RHP Scott Colorado
|
Batting: RHB Daniel Maldonado
|
0-0: Called Strike 0-1: Called Strike 0-2: Strikes out swinging
|
Batting: RHB Khal Drogo
|
0-0: Called Strike 0-1: Ball 1-1: Ball 2-1: Ball 3-1: Foul Ball, location: 2F 3-2: Foul Ball, location: 2F 3-2: Ground out 5-3 (Groundball, 56S, EV 64.4 MPH)
|
Batting: RHB Glenn Curtis
|
0-0: Ball 1-0: Called Strike 1-1: Foul Ball, location: 2F 1-2: Foul Ball, location: 2F 1-2: Foul Ball, location: 2F 1-2: Ball 2-2: SINGLE (Line Drive, 9S, EV 88.8 MPH)
|
Pitching: LHP Yajirobei Otomo
|
|
Batting: RHB Ron Bernard
|
0-0: Ball 1-0: Foul Ball, location: 2F 1-1: Ball 2-1: Fly out, F9 (Flyball, 9LM, EV 85.6 MPH)
|
Top of the 9th over - 0 runs, 1 hit, 0 errors, 1 left on base; Kingston Township 1 - Buckhead 5 |
|